AoeStats
← Green Assassin

Nomad

503600910Analyzed
4v4 RM · 1mo ago on Sep 1, 2026· 33m 20s· 8 players
Game mode
Random Map
Map size
231×231
Population
200
Speed
Normal
Resources
Standard
Victory
Conquest
Starting age
Dark Age
Ending age
Imperial Age
RankedLock teamsTeams togetherTeam positionsShared explorationLock speedFull tech treeHidden civsTurbo modeCheats
Victory
Defeat
🇪🇸 Italians · Spain
1269
+13
🇬🇧 Armenians · United Kingdom
1230
+15
🇫🇷 Persians · France
1210
+16
🇩🇪 Japanese · Germany
1199
+17
🇨🇳 Spanish · China
1301
-19
🇹🇼 Magyars · Taiwan
1225
-16
🇨🇳 Gurjaras · China
1173
-14
🇨🇳 Goths · China
1159
-13
Green Assassin
3:52 Loom
15:44 Feudal Age
20:29 Castle Age
19:57 Double-Bit Axe
20:54 Forging
21:14 Town Watch
24:20 Pikeman
32:42 Wheelbarrow
Aspirante
7:04 Loom
13:36 Feudal Age
16:57 Fletching
19:26 Stone Mining
19:48 Double-Bit Axe
24:01 Castle Age
26:07 Gold Mining
26:35 Bodkin Arrow
29:52 Imperial Age
32:32 Wheelbarrow
Comrade Toad
3:38 Loom
17:20 Feudal Age
17:53 Double-Bit Axe
18:00 Gold Mining
17:53 Horse Collar
17:38 Man-at-Arms
18:34 Arson
18:40 Long Swordsman
20:11 Scale Mail Armor
21:31 Wheelbarrow
21:28 Forging
22:58 Pikeman
27:38 Castle Age
27:43 Two-Handed Swordsman
28:09 Gambesons
28:25 Squires
28:45 Chain Mail Armor
29:06 Iron Casting
29:12 Champion
30:28 Bow Saw
Uethatzuia
10:07 Loom
13:32 Feudal Age
18:07 Castle Age
16:26 Gold Mining
16:27 Double-Bit Axe
17:34 Forging
17:30 Scale Barding Armor
17:38 Bloodlines
17:27 Fishing Lines
19:24 Iron Casting
19:47 Wheelbarrow
21:10 Husbandry
31:06 Imperial Age
29:30 Bow Saw
32:04 Conscription
32:51 Cavalier
George
4:21 Loom
14:26 Feudal Age
21:47 Castle Age
20:46 Scale Barding Armor
24:07 Chain Barding Armor
23:49 Husbandry
24:00 Bloodlines
27:38 Horse Collar
精锐磁暴步兵
5:27 Loom
15:29 Feudal Age
16:21 Double-Bit Axe
21:12 Castle Age
20:07 Stone Mining
22:12 Scale Barding Armor
26:30 Padded Archer Armor
26:28 Fishing Lines
28:37 Gold Mining
屋顶上的轻骑兵
3:34 Loom
14:32 Feudal Age
16:38 Double-Bit Axe
19:13 Castle Age
22:37 Bow Saw
22:11 Horse Collar
24:24 Forging
24:07 Fishing Lines
25:49 Wheelbarrow
26:25 Heavy Plow
34:17 Imperial Age
31:29 Man-at-Arms
31:40 Man-at-Arms
32:50 Squires
32:14 Long Swordsman
棒棒糖
14:27 Feudal Age
16:07 Double-Bit Axe
18:58 Castle Age
19:41 Scale Barding Armor
19:46 Forging
20:19 Horse Collar
21:48 Husbandry
21:59 Bloodlines
21:48 Gold Mining
23:29 Chain Barding Armor
25:20 Loom
Connection lost

Rejoining the realm…

Still unreachable

The connection could not be restored.

Session expired

The server has moved on; the page needs a fresh start.